PAAA
BLOOMINGTON LONGNECKS @ BALTIMORE BLACK SOX
08/08/2033
 
TOP OF THE 1ST
Bloomington Longnecks batting - Pitching for Baltimore Black Sox : RHP Ryunosuke Kurota
Pitching: RHP Ryunosuke Kurota
Batting: SHB Benedict Patel 0-0: Ball
1-0: Ball
2-0: Ball
3-0: Base on Balls
Batting: RHB Barrett Drury 0-0: Swinging Strike
0-1: Ball
1-1: Reached on error, E3 (Groundball, 3S)
Benedict Patel to second
Batting: RHB Blaze Alexander 0-0: Called Strike
0-1: Foul Ball, location: 2F
0-2: Strikes out swinging
Batting: LHB César Gómes 0-0: Called Strike
Benedict Patel steals 3rd base
Barrett Drury to second
0-1: Called Strike
0-2: SINGLE (Flyball, 8LS)
Benedict Patel scores
Barrett Drury to third
Runner from 3rd tries for Home, SAFE, no throw
Batting: RHB Carlos Cardona 0-0: SINGLE (Groundball, 6MD)
César Gómes to second
Batting: RHB Frank Crocker 0-0: Fly out, F9 (Flyball, 9S)
Batting: RHB Toussiant L'Ouverture 0-0: Foul Ball, location: 2F
0-1: Ball
1-1: Called Strike
1-2: Fielders Choice at 2nd, 6-4 (Groundball, 6)
Top of the 1st over - 2 runs, 2 hits, 1 error, 2 left on base; Bloomington 2 - Baltimore 0
BOTTOM OF THE 1ST
Baltimore Black Sox batting - Pitching for Bloomington Longnecks : RHP Tony DeWitt
Pitching: RHP Tony DeWitt
Batting: LHB Tomás Valenzuela 0-0: Ball
1-0: SINGLE (Line Drive, 89S)
Batting: RHB Jeb Sexton 0-0: Ball
1-0: Called Strike
1-1: Ball
2-1: Foul Ball, location: 2F
2-2: Ball
3-2: Fly out, F5 (Line Drive, 6)
Batting: LHB Shigenobu Ohayashi 0-0: Called Strike
0-1: Fly out, F2 (Popup, 25F)
Batting: LHB Sergio Rodríguez 0-0: Called Strike
0-1: Ball
1-1: Ball
2-1: Ball
3-1: Foul Ball, location: 2F
3-2: Fly out, F9 (Flyball, 89S)
Bottom of the 1st over - 0 runs, 1 hit, 0 errors, 1 left on base; Bloomington 2 - Baltimore 0
TOP OF THE 2ND
Bloomington Longnecks batting - Pitching for Baltimore Black Sox : RHP Ryunosuke Kurota
Batting: LHB Daniel Faraday 0-0: Called Strike
0-1: Called Strike
0-2: Ball
1-2: Foul Ball, location: 2F
1-2: Ball
2-2: Ball
3-2: Foul Ball, location: 2F
3-2: SINGLE (Groundball, 34S) (infield hit)
Batting: RHB Javier De Jesús 0-0: Ball
1-0: Swinging Strike
1-1: Ball
2-1: Swinging Strike
2-2: Strikes out swinging
Batting: SHB Benedict Patel 0-0: Ball
1-0: Ball
2-0: Called Strike
2-1: Fielders Choice at 2nd, 4-6 (Groundball, 34D)
Batting: RHB Barrett Drury 0-0: Called Strike
0-1: Ball
1-1: Ball
2-1: Foul Ball, location: 2F
2-2: Foul Ball, location: 2F
2-2: Ball
3-2: Ground out 5-3 (Groundball, 56)
Top of the 2nd over - 0 runs, 1 hit, 0 errors, 1 left on base; Bloomington 2 - Baltimore 0
BOTTOM OF THE 2ND
Baltimore Black Sox batting - Pitching for Bloomington Longnecks : RHP Tony DeWitt
Batting: RHB Berihun Tukufu 0-0: Called Strike
0-1: Foul Ball, location: 2F
0-2: Ball
1-2: Ball
2-2: Ball
3-2: Foul Ball, location: 2F
3-2: Foul Ball, location: 2F
3-2: Foul Ball, location: 2F
3-2: Base on Balls
Batting: RHB Raúl Cicerón Balk!
Berihun Tukufu to second
0-0: Called Strike
0-1: Called Strike
0-2: Strikes out swinging
Batting: RHB Lee Storment 0-0: Ball
1-0: Called Strike
1-1: Ground out 6-3 (Groundball, 6)
Batting: LHB Ramón Flores 0-0: Ball
1-0: Ball
2-0: Ball
3-0: Base on Balls
Batting: RHB Edward Payne 0-0: Ball
1-0: Foul Ball, location: 2F
1-1: Ball
2-1: SINGLE (Groundball, 6MD)
Berihun Tukufu to third
Ramón Flores to second
Runner from 3rd tries for Home, SAFE, no throw
Batting: LHB Tomás Valenzuela 0-0: Called Strike
0-1: Ball
1-1: Swinging Strike
1-2: Foul Ball, location: 2F
1-2: Ball
2-2: Ground out 4-3 (Groundball, 4)
Bottom of the 2nd over - 1 run, 1 hit, 0 errors, 2 left on base; Bloomington 2 - Baltimore 1
TOP OF THE 3RD
Bloomington Longnecks batting - Pitching for Baltimore Black Sox : RHP Ryunosuke Kurota
Batting: RHB Blaze Alexander 0-0: SOLO HOME RUN (Flyball, 7D), Distance : 363 ft
Batting: LHB César Gómes 0-0: Ball
1-0: Ball
2-0: Ball
3-0: Fly out, F4 (Popup, 4)
Batting: RHB Carlos Cardona 0-0: Foul Ball, location: 2F
0-1: Ball
1-1: SINGLE (Groundball, 4D)
Batting: RHB Frank Crocker 0-0: Ball
1-0: Ball
2-0: Called Strike
2-1: Ball
3-1: Called Strike
3-2: Strikes out swinging
Batting: RHB Toussiant L'Ouverture 0-0: Ball
1-0: Called Strike
1-1: Ball
2-1: Ball
3-1: Base on Balls
Carlos Cardona to second
Batting: LHB Daniel Faraday 0-0: SINGLE (Groundball, 34D)
Carlos Cardona to third
Toussiant L'Ouverture to second
Runner from 3rd tries for Home, SAFE, throw made home
Batting: RHB Javier De Jesús 0-0: Foul Ball, location: 2F
0-1: Swinging Strike
0-2: Fielders Choice at 2nd, 6-4 (Groundball, 6)
Top of the 3rd over - 2 runs, 3 hits, 0 errors, 2 left on base; Bloomington 4 - Baltimore 1
BOTTOM OF THE 3RD
Baltimore Black Sox batting - Pitching for Bloomington Longnecks : RHP Tony DeWitt
Batting: RHB Jeb Sexton 0-0: Ball
1-0: Foul Ball, location: 2F
1-1: Foul Ball, location: 2F
1-2: Ball
2-2: SINGLE (Line Drive, 4MD)
Batting: LHB Shigenobu Ohayashi 0-0: Called Strike
Jeb Sexton is caught stealing 2nd base
0-1: Called Strike
0-2: Ball
1-2: Fly out, F3 (Popup, 23F)
Batting: LHB Sergio Rodríguez 0-0: Called Strike
0-1: Ball
1-1: Foul Ball, location: 2F
1-2: DOUBLE (Flyball, 8RXD)
Batting: RHB Berihun Tukufu 0-0: Foul Ball, location: 2F
0-1: Hit by Pitch
Batting: RHB Raúl Cicerón 0-0: Called Strike
0-1: Ball
1-1: Ball
2-1: Swinging Strike
2-2: Foul Ball, location: 2F
2-2: Foul Ball, location: 2F
2-2: Foul Ball, location: 2F
2-2: Ball
3-2: Ground out 6-3 (Groundball, 6D)
Bottom of the 3rd over - 0 runs, 2 hits, 0 errors, 2 left on base; Bloomington 4 - Baltimore 1
TOP OF THE 4TH
Bloomington Longnecks batting - Pitching for Baltimore Black Sox : RHP Ryunosuke Kurota
Batting: SHB Benedict Patel 0-0: Ball
1-0: Ball
2-0: Ball
3-0: Base on Balls
Batting: RHB Barrett Drury 0-0: Ball
1-0: Called Strike
1-1: Foul Ball, location: 2F
1-2: Ball
2-2: SINGLE (Flyball, 9LS)
Benedict Patel to second
Runner from 2nd tries for 3rd, SAFE, throw made to third
Batting: RHB Blaze Alexander 0-0: Called Strike
Barrett Drury is caught stealing 2nd base
0-1: Fly out, F9 (Line Drive, 89D)
Runner from 3rd tags up, SCORES, no throw
Batting: LHB César Gómes 0-0: Swinging Strike
0-1: Ball
1-1: Ball
2-1: Called Strike
2-2: Foul Ball, location: 2F
2-2: Strikes out swinging
Top of the 4th over - 1 run, 1 hit, 0 errors, 0 left on base; Bloomington 5 - Baltimore 1
BOTTOM OF THE 4TH
Baltimore Black Sox batting - Pitching for Bloomington Longnecks : RHP Tony DeWitt
Batting: RHB Lee Storment 0-0: Ball
1-0: Ball
2-0: Called Strike
2-1: Foul Ball, location: 2F
2-2: SINGLE (Line Drive, 7LS)
Batting: LHB Ramón Flores 0-0: Ball
1-0: Swinging Strike
1-1: Ball
2-1: Ball
3-1: Base on Balls
Lee Storment to second
Batting: RHB Edward Payne 0-0: Called Strike
0-1: Ball
1-1: Called Strike
1-2: Ball
2-2: Foul Ball, location: 2F
2-2: Fly out, F7 (Flyball, 7S)
Batting: LHB Tomás Valenzuela 0-0: Called Strike
0-1: Foul Ball, location: 2F
0-2: SINGLE (Groundball, 34D)
Lee Storment to third
Ramón Flores to second
Runner from 3rd tries for Home, SAFE, no throw
Batting: RHB Jeb Sexton 0-0: Called Strike
0-1: Foul Ball, location: 2F
0-2: Foul Ball, location: 2F
0-2: Fly out, F9 (Flyball, 89M)
Runner from 2nd tags up, SAFE at 3rd with throw
Pitching: RHP Roy Gartner
Batting: LHB Shigenobu Ohayashi 0-0: Foul Ball, location: 2F
0-1: Ball
1-1: Ball
2-1: Foul Ball, location: 2F
2-2: Foul Ball, location: 2F
2-2: Ground out 4-3 (Groundball, 4S)
Bottom of the 4th over - 1 run, 2 hits, 0 errors, 2 left on base; Bloomington 5 - Baltimore 2
TOP OF THE 5TH
Bloomington Longnecks batting - Pitching for Baltimore Black Sox : RHP Ryunosuke Kurota
Batting: RHB Carlos Cardona 0-0: DOUBLE (Line Drive, 8LD)
Batting: RHB Frank Crocker 0-0: Called Strike
0-1: Sac Bunt - play at first, batter OUT! 5-3
Carlos Cardona to third
Batting: RHB Toussiant L'Ouverture 0-0: Ball
1-0: Swinging Strike
1-1: Ball
2-1: Ball
3-1: Base on Balls
Batting: LHB Daniel Faraday 0-0: Ball
1-0: Swinging Strike
1-1: Ball
2-1: Grounds into double play, 6-4-3 (Groundball, 6M)
Top of the 5th over - 0 runs, 1 hit, 0 errors, 1 left on base; Bloomington 5 - Baltimore 2
BOTTOM OF THE 5TH
Baltimore Black Sox batting - Pitching for Bloomington Longnecks : RHP Roy Gartner
Batting: LHB Sergio Rodríguez 0-0: SOLO HOME RUN (Flyball, 9LD), Distance : 333 ft
Batting: RHB Berihun Tukufu 0-0: Ball
1-0: Ball
2-0: Swinging Strike
2-1: Ball
3-1: Called Strike
3-2: Foul Ball, location: 2F
3-2: Foul Ball, location: 2F
3-2: Foul Ball, location: 2F
3-2: Foul Ball, location: 2F
3-2: Base on Balls
Batting: RHB Raúl Cicerón 0-0: Called Strike
0-1: Bunted foul
0-2: Ball
1-2: Foul Ball, location: 2F
1-2: Ball
2-2: Foul Ball, location: 2F
2-2: Foul Ball, location: 2F
2-2: Fly out, F9 (Flyball, 9LS)
Batting: RHB Lee Storment 0-0: Ball
1-0: Foul Ball, location: 2F
1-1: Called Strike
1-2: Fielders Choice at 2nd, 5-4 (Groundball, 56)
Batting: LHB Ramón Flores 0-0: Ball
1-0: Foul Ball, location: 2F
1-1: Foul Ball, location: 2F
1-2: Strikes out swinging
Bottom of the 5th over - 1 run, 1 hit, 0 errors, 1 left on base; Bloomington 5 - Baltimore 3
TOP OF THE 6TH
Bloomington Longnecks batting - Pitching for Baltimore Black Sox : RHP Ryunosuke Kurota
Batting: RHB Javier De Jesús 0-0: Ball
1-0: Foul Ball, location: 2F
1-1: Ball
2-1: Ball
3-1: Foul Ball, location: 2F
3-2: Foul Ball, location: 2F
3-2: Ground out U3 (Groundball, 34)
Batting: SHB Benedict Patel 0-0: Ball
1-0: Ball
2-0: Ball
3-0: Base on Balls
Pitching: RHP Rob Rocha
Batting: RHB Barrett Drury 0-0: Foul Ball, location: 2F
0-1: Ball
1-1: Ball
2-1: Ball
3-1: Called Strike
3-2: SINGLE (Groundball, 34S) (infield hit)
Benedict Patel to second
Batting: RHB Blaze Alexander 0-0: Foul Ball, location: 2F
0-1: Foul Ball, location: 2F
0-2: Fielders Choice at 2nd, 6-4 (Groundball, 6)
Benedict Patel to third
Batting: LHB César Gómes 0-0: Called Strike
0-1: Ground out 4-3 (Groundball, 4D)
Top of the 6th over - 0 runs, 1 hit, 0 errors, 2 left on base; Bloomington 5 - Baltimore 3
BOTTOM OF THE 6TH
Baltimore Black Sox batting - Pitching for Bloomington Longnecks : RHP Roy Gartner
Batting: RHB Edward Payne 0-0: Called Strike
0-1: Ball
1-1: Ball
2-1: Ground out 5-3 (Groundball, 56)
Batting: LHB Tomás Valenzuela 0-0: Ball
1-0: Ball
2-0: Ball
3-0: Called Strike
3-1: Called Strike
3-2: Fly out, F8 (Flyball, 8RM)
Batting: RHB Jeb Sexton 0-0: Swinging Strike
0-1: Ball
1-1: Ball
2-1: Swinging Strike
2-2: Ball
3-2: Ground out 6-3 (Groundball, 56)
Bottom of the 6th over - 0 runs, 0 hits, 0 errors, 0 left on base; Bloomington 5 - Baltimore 3
TOP OF THE 7TH
Bloomington Longnecks batting - Pitching for Baltimore Black Sox : RHP Rob Rocha
Batting: RHB Carlos Cardona 0-0: Called Strike
0-1: Ball
1-1: Foul Ball, location: 2F
1-2: Ball
2-2: Foul Ball, location: 2F
2-2: Ball
3-2: Ground out U3 (Groundball, 3)
Batting: RHB Frank Crocker 0-0: Called Strike
0-1: Foul Ball, location: 2F
0-2: Ball
1-2: Ball
2-2: Foul Ball, location: 2F
2-2: Foul Ball, location: 2F
2-2: Ball
3-2: Foul Ball, location: 2F
3-2: Base on Balls
Batting: RHB Toussiant L'Ouverture 0-0: Ball
1-0: Ball
2-0: Foul Ball, location: 2F
2-1: Called Strike
2-2: Strikes out swinging
Batting: LHB Daniel Faraday 0-0: Ball
1-0: Ball
2-0: Ball
3-0: Called Strike
3-1: Fly out, F8 (Flyball, 8LM)
Top of the 7th over - 0 runs, 0 hits, 0 errors, 1 left on base; Bloomington 5 - Baltimore 3
BOTTOM OF THE 7TH
Baltimore Black Sox batting - Pitching for Bloomington Longnecks : RHP Roy Gartner
Batting: LHB Shigenobu Ohayashi 0-0: Ball
1-0: Called Strike
1-1: Ball
2-1: Ball
3-1: Base on Balls
Batting: LHB Sergio Rodríguez 0-0: Ball
1-0: Ball
Shigenobu Ohayashi steals 2nd base
2-0: Called Strike
2-1: Fly out, F7 (Flyball, 8LS)
Batting: RHB Berihun Tukufu 0-0: Called Strike
0-1: Foul Ball, location: 2F
0-2: Ball
1-2: Ball
2-2: Ground out 5-3 (Groundball, 5)
Pitching: LHP Tomás Galván
Batting: RHB Raúl Cicerón 0-0: Called Strike
0-1: Foul Ball, location: 2F
0-2: Ball
1-2: Ground out 1-3 (Groundball, 13)
Bottom of the 7th over - 0 runs, 0 hits, 0 errors, 1 left on base; Bloomington 5 - Baltimore 3
TOP OF THE 8TH
Bloomington Longnecks batting - Pitching for Baltimore Black Sox : RHP Rob Rocha
Batting: RHB Javier De Jesús 0-0: Ground out 6-3 (Groundball, 6)
Batting: SHB Benedict Patel 0-0: Foul Ball, location: 2F
0-1: Foul Ball, location: 2F
0-2: Strikes out swinging
Batting: RHB Barrett Drury 0-0: Ball
1-0: Fly out, F9 (Flyball, 9LS)
Top of the 8th over - 0 runs, 0 hits, 0 errors, 0 left on base; Bloomington 5 - Baltimore 3
BOTTOM OF THE 8TH
Baltimore Black Sox batting - Pitching for Bloomington Longnecks : LHP Tomás Galván
Batting: RHB Lee Storment 0-0: Ball
1-0: Ground out 4-3 (Groundball, 4)
Batting: LHB Ramón Flores 0-0: Ground out 6-3 (Groundball, 6M)
Batting: RHB Edward Payne 0-0: Ball
1-0: Ball
2-0: Ball
3-0: Called Strike
3-1: Base on Balls
Batting: LHB Tomás Valenzuela 0-0: Ball
1-0: Ball
2-0: Called Strike
2-1: DOUBLE (Line Drive, 89D)
Edward Payne to third
Pitching: RHP Ieyoshi Asai
Batting: RHB Jeb Sexton 0-0: Called Strike
0-1: Ball
1-1: Ground out 6-3 (Groundball, 6M)
Bottom of the 8th over - 0 runs, 1 hit, 0 errors, 2 left on base; Bloomington 5 - Baltimore 3
TOP OF THE 9TH
Bloomington Longnecks batting - Pitching for Baltimore Black Sox : RHP Rob Rocha
Batting: RHB Blaze Alexander 0-0: Called Strike
0-1: Foul Ball, location: 2F
0-2: DOUBLE (Line Drive, 8LXD)
Batting: LHB César Gómes 0-0: SINGLE (Groundball, 6D)
Blaze Alexander to third
Batting: RHB Carlos Cardona 0-0: Called Strike
0-1: Ball
César Gómes is caught stealing 2nd base
1-1: Intentional Walk
Batting: RHB Frank Crocker 0-0: Called Strike
0-1: Ball
1-1: Ball
2-1: Ball
3-1: Base on Balls
Carlos Cardona to second
Batting: RHB Toussiant L'Ouverture 0-0: Called Strike
0-1: Swinging Strike
0-2: Ball
1-2: Foul Ball, location: 2F
1-2: Strikes out looking
Pitching: LHP Kris Ross
Pinch Hitting: RHB Masafumi Ito 0-0: Called Strike
0-1: Ball
1-1: Called Strike
1-2: Foul Ball, location: 2F
1-2: Ball
2-2: Ball
3-2: Fly out, F8 (Flyball, 8LS)
Top of the 9th over - 0 runs, 2 hits, 0 errors, 3 left on base; Bloomington 5 - Baltimore 3
BOTTOM OF THE 9TH
Baltimore Black Sox batting - Pitching for Bloomington Longnecks : RHP Ieyoshi Asai
Pitching: RHP Cristián Moreno
Now at 3B: Masafumi Ito
Batting: LHB Shigenobu Ohayashi 0-0: Ball
1-0: Fly out, F9 (Flyball, 9LM)
Batting: LHB Sergio Rodríguez 0-0: Ball
1-0: Called Strike
1-1: Ball
2-1: Swinging Strike
2-2: Ball
3-2: Strikes out swinging
Batting: RHB Berihun Tukufu 0-0: Ball
1-0: Ball
2-0: Foul Ball, location: 2F
2-1: Ball
3-1: Base on Balls
Batting: RHB Raúl Cicerón 0-0: DOUBLE (Groundball, 5L)
Berihun Tukufu to third
Batting: RHB Lee Storment 0-0: Ball
1-0: Swinging Strike
1-1: Ball
2-1: Foul Ball, location: 2F
2-2: Strikes out swinging
Bottom of the 9th over - 0 runs, 1 hit, 0 errors, 2 left on base; Bloomington 5 - Baltimore 3
Saturday, December 22nd, 2018 - OOTP Baseball 18.8 Build 76